 Dungeon Crawl Stone Soup version 0.29-a0-43-g62a80824bf (webtiles) character file.

Game seed: 13231710670084425741

349 HallandMoats the Skirmisher (level 6, -6/43 HPs)
             Began as an Octopode Fighter on Feb 3, 2022.
             Was an Initiate of Qazlal.
             Mangled by an ogre (21 damage)
             ... on level 4 of the Dungeon.
             The game lasted 00:05:08 (4194 turns).

HallandMoats the Skirmisher (Octopode Fighter)      Turns: 4194, Time: 00:05:09

Health: -6/43      AC:  1    Str: 24    XL:     6   Next: 60%
Magic:  8/8        EV: 13    Int: 10    God:    Qazlal [......]
Gold:   199        SH:  4    Dex: 11    Spells: 7/7 levels left

rFire   . . .      SeeInvis .   o - +7 falchion of Offence {vamp, rC+ rN+ rCorr Stlth+}
rCold   + . .      Faith    .   j - +0 buckler
rNeg    + . .      Spirit   .   (helmet restricted)
rPois   .          Reflect  .   n - amulet of the acrobat
rElec   .          Harm     .   e - +6 ring of strength
rCorr   +          Rampage  .   (no ring)
Will    .....                   (no ring)
Stlth   ++++......              (no ring)
HPRegen 0.14/turn               (no ring)
MPRegen 0.11/turn               (no ring)
                                (no ring)
                                (no ring)

@: no status effects
A: almost no armour, amphibious, 8 rings, camouflage 1, gelatinous body 1,
(nimble swimmer 1), tentacles
a: Renounce Religion


You were on level 4 of the Dungeon.
You worshipped Qazlal.
Qazlal was noncommittal.
You visited 2 branches of the dungeon, and saw 5 of its levels.

You collected 199 gold pieces.

Inventory:

Hand Weapons
 a - a +0 trident
 b - a +1 whip of venom
 o - the +7 falchion of Offence (weapon) {vamp, rC+ rN+ rCorr Stlth+}
   (You found it on level 2 of the Dungeon)

   It occasionally heals its wielder for a portion of the damage dealt when it
   wounds a living foe.
   rC:        It protects you from cold.
   rN:        It protects you from negative energy.
   rCorr:     It protects you from acid and corrosion.
   Stlth:     It makes you more stealthy.
Missiles
 q - 2 throwing nets (quivered)
Armour
 j - a +0 buckler (worn)
Jewellery
 e - a +6 ring of strength (left tentacle)
 n - an amulet of the acrobat (around mantle)
Wands
 m - a wand of mindburst (9)
Scrolls
 d - a scroll of identify
 f - a scroll of teleportation
 g - a scroll of magic mapping
 i - a scroll of blinking
 p - a scroll of enchant weapon
 r - a scroll of brand weapon {unknown}
Potions
 c - a potion of might
 h - a potion of heal wounds
 k - a potion of lignification {unknown}
 l - a potion of flight {unknown}


   Skills:
 * Level 4.2 Fighting
 * Level 3.4 Polearms
 + Level 3.6 Dodging
 + Level 1.5 Stealth
 + Level 3.6 Shields
 + Level 1.4 Spellcasting
 * Level 3.1 Invocations


You had 7 spell levels left.
You didn't know any spells.
Your spell library contained the following spells:

 Spells                   Type           Power      Damage    Failure   Level
 Sublimation of Blood     Necr           0%         N/A       54%         2
 Wereblood                Tmut           0%         N/A       54%         2
 Conjure Flame            Conj/Fire      0%         6-21      78%         3
 Ignite Poison            Fire/Tmut/Pois 0%         N/A       78%         3
 Sticky Flame             Conj/Fire      0%         2d3       99%         4
 Summon Hydra             Summ           0%         N/A       100%        7


Dungeon Overview and Level Annotations

Branches:
Dungeon (4/15)             Temple (1/1) D:4

Altars:
Ashenzari
Cheibriados
Dithmenos
Elyvilon
Fedhas
Gozag
Hepliaklqana
Kikubaaqudgha
Makhleb
Nemelex Xobeh
Okawaru
Qazlal
Ru
Sif Muna
Trog
Uskayaw
Vehumet
Wu Jian
Xom
Yredelemnul
Zin
The Shining One

Shops:
D:2 ([[(   D:4 =


Innate Abilities, Weirdness & Mutations

You cannot wear most types of armour.
You are amphibious.
You can wear up to eight rings at the same time.
Your skin changes colour to match your surroundings (Stealth+).
Your rubbery body absorbs attacks. (AC +1, EV +1)
((You are camouflaged when in or above water. (Stealth+)))
You have tentacles for arms and can constrict up to eight enemies at once.


Message History

You slash the adder skeleton! You grab the adder skeleton.
The adder skeleton is severely damaged.
You constrict the adder skeleton. The adder skeleton barely misses you.
You slash the adder skeleton!
You destroy the adder skeleton!
Qazlal accepts your kill.
No target in view!
No target in view!
No target in view!
No target in view!
No target in view!
No target in view!
No target in view!
No target in view!
Found 2 poisoned darts.
r - a scroll labelled LIEMYS HUSO You now have 199 gold pieces (gained 12).
As you open the door, it creaks loudly!
There is a stone staircase leading up here.
Things that are here:
a +0 hand axe; an orc skeleton
Found a buckler.
An ogre comes into view. It is wielding a +0 giant spiked club.
You see here a +0 buckler.
The helpless ogre fails to defend itself.
You slash the ogre!
The ogre is moderately wounded.
The ogre hits you with a +0 giant spiked club!!
Ouch! That really hurt!
You are too injured to fight recklessly!
You are too injured to fight recklessly!
You are too injured to fight recklessly!
You barely miss the ogre.
Your tentacle-slap misses the ogre.
The ogre is moderately wounded.
The ogre barely misses you.
You hit the ogre.
The ogre is heavily wounded.
The ogre misses you.
The ogre hits you with a +0 giant spiked club!!
You die...

..#......####,,,,,,,,,,,,,,,,,,,,
..#.######..#,,,,,,,,,,,,,,,,,,,,
....>.##....#,,,,,*********,,,,,,
.###..#.....##,,***,,,,,,,****,,,
.........(...#,,,,,,,,,,,,,,,***,
####.........#,,,,,,,,,,,,,,,,,*,
# #.........###,,,,,,,,,,,,,,,*,
####..#........####,,,,,,,***,,**
...).)##.......[@O#********,,,,,*
#####..###..............,,,,,,,,*
รท.......)###............,,,,,,,,#
...#####...######.......,,,,#####
.......#.#......#############....
...###.#.#.####...#####.......###
#.<..#.#.#.# #...................
#....#.#.#.# #.....####.#########
#....#.#.#.###.....## #......# #


You could see an ogre.

Vanquished Creatures
  A black bear (D:4)
  2 orc priests (D:4)
  Jessica (D:2)
  Terence (D:2)
  4 gnolls
  2 adders
  2 adder skeletons (D:4)
  3 worms (D:3)
  A dart slug (D:1)
  5 orcs
  8 bats
  6 endoplasms
  4 giant cockroaches
  5 hobgoblins
  3 jackals (D:3)
  3 kobolds (D:1)
  5 quokkas
  5 ball pythons
  3 frilled lizards
  6 goblins
  4 rats
74 creatures vanquished.

Notes
Turn   | Place    | Note
-------+----------+-------------------------------------------
     0 | D:1      | HallandMoats the Octopode Fighter began the quest for the
                  | Orb.
     0 | D:1      | Reached XP level 1. HP: 16/16 MP: 1/1
   350 | D:1      | Reached XP level 2. HP: 21/21 MP: 2/2
   553 | D:1      | Reached skill level 1 in Invocations
   738 | D:1      | Reached XP level 3. HP: 20/26 MP: 3/3
  1395 | D:2      | Found Ypanonn's Armour Shop.
  1460 | D:2      | Noticed Terence
  1463 | D:2      | Killed Terence
  1464 | D:2      | Reached XP level 4. HP: 21/31 MP: 3/5
  1580 | D:2      | Found a faded altar of an unknown god.
  1707 | D:2      | Found Arphoka's Antique Armour Shop.
  1731 | D:2      | Found Mihacerph's Antique Weapon Emporium.
  1931 | D:2      | Identified the +7 falchion of Offence {vamp, rC+ rN+ rCorr
                  | Stlth+}
  1992 | D:2      | Noticed Jessica
  1997 | D:2      | Killed Jessica
  2083 | D:2      | Found Eseolec's Weapon Shoppe.
  2299 | D:3      | Reached XP level 5. HP: 34/37 MP: 6/6
  2469 | D:3      | Reached skill level 1 in Spellcasting
  2579 | D:3      | Found a shimmering altar of Xom.
  3085 | D:4      | Noticed a black bear
  3093 | D:4      | Killed a black bear
  3094 | D:4      | Reached skill level 4 in Fighting
  3094 | D:4      | Reached skill level 1 in Stealth
  3094 | D:4      | Reached XP level 6. HP: 39/43 MP: 6/8
  3097 | D:4      | Found a staircase to the Ecumenical Temple.
  3108 | Temple   | Entered the Ecumenical Temple
  3664 | Temple   | Became a worshipper of Qazlal Stormbringer
  3752 | D:4      | Found Canergh's Jewellery Emporium.
  4194 | D:4      | Mangled by an ogre

Illustrated notes

Levels and vault maps discovered:
D:1:      dpeg_cavernosity, layout_basic
D:2:      layout_loops_ring, serial_shops, nicolae_shop_statue_plus, shop,
          nicolae_lakefront_shop, nicolae_shop_advertising_works
          [nicolae_subvault_shop_adworks], basic_ecumenical_altar,
          chequers_serial_rivers_micro_b, minmay_crystal_room,
          minmay_indecisive_spiral, uniq_jessica, uniq_terence
D:3:      layout_rooms, tgw_xom, serial_glass, glass_columns_c, glass_columns_b,
          glass_columns_a, glass_columns_b, glass_columns_a, glass_columns_c,
          glass_columns_a, glass_columns_a, item_on_display_a,
          minmay_strange_pillars, minmay_strange_pillars, item_on_display_a,
          cheibrodos_sewer_entry_bend, chequers_garden, st_stairs_6
D:4:      kennysheep_spiral_hall, layout_basic,
          minmay_temple_entry_proselytizer, serial_shops, shop_statue,
          enter_ossuary_2, chequers_mini_garden, minmay_splitting_lines
Temple:   mainiacjoe_temple_starburst

Skill      XL: |  1  2  3  4  5  6 |
---------------+-------------------+-----
Invocations    | 1 2 3 |  3.1
Spellcasting   | 1 |  1.4
Fighting       | 4 |  4.2
Polearms       | 3 |  3.4
Stealth        | 1 |  1.5
Dodging        | |  3.6
Shields        | |  3.6

Action                   |  1- 3 |  4- 6 || total
-------------------------+-------+-------++-------
Melee: Trident           |    58 |       ||    58
       Constrict         |    11 |    21 ||    32
       Tentacles         |     8 |    10 ||    18
       Whip              |     3 |    10 ||    13
       Falchion          |       |    65 ||    65
       Punch             |       |     1 ||     1
  Use: Scroll            |       |     8 ||     8
 Stab: Sleeping          |    10 |     3 ||    13
Armor: Skin              |     2 |     5 ||     7
Dodge: Dodged            |    20 |    38 ||    58
Block: Buckler           |     7 |    19 ||    26

Table legend: (Time is in decaauts)
 A = Elapsed time spent in this place.
 B = Non-inter-level travel time spent in this place.
 C = Inter-level travel time spent in this place.
 D = Time resting spent in this place.
 E = Time spent auto-exploring this place.
 F = Levels seen in this place.
 G = Mean time per level.
                   A        B        C        D        E       F      G
               +--------+--------+--------+--------+--------+-----+--------+
         Total |   4228 |   3991 |    237 |      0 |   3348 |   5 |  845.6 |
       Dungeon |   3617 |   3475 |    142 |      0 |   2848 |   4 |  904.2 |
        Temple |    611 |    516 |     95 |      0 |    500 |   1 |  611.0 |
               +--------+--------+--------+--------+--------+-----+--------+

Top non-repeatable levels by time:
     D:1: 1337 daAuts
     D:2: 883 daAuts
     D:3: 810 daAuts
  Temple: 611 daAuts
     D:4: 585 daAuts
